[Event "Titled Tuesday Blitz May 23 Early 2023"]
[White "Heinemann, Josefine"]
[Black "Arabidze, Meri"]
[WhiteFideId "12900460"]
[BlackFideId "13604040"]
[WhiteElo "2342"]
[BlackElo "2405"]
[Result "1-0"]
[Round "06"]
[TimeControl "180+2"]
[Date "2023.05.23"]
[WhiteClock "0:00:48"]
[BlackClock "0:00:00"]

1. e4 c5 2. c3 e6 3. d4 d5 4. exd5 exd5 5. Bb5+ Nc6 6. Nf3 Bd6 7. dxc5 Bxc5 8. O-O Ne7 9. Nbd2 O-O 10. Nb3 Bb6 11. Bd3 Ng6 12. Re1 Bg4 13. h3 Bxf3 14. Qxf3 Nce5 15. Qd1 Qh4 16. Be3 Bxe3 17. Rxe3 Nc4 18. Re2 Nf4 19. Rc2 Qg5 20. Bf1 Nxh3+ 21. Kh2 Nf4 22. Qf3 Ne5 23. Qg3 Qxg3+ 24. Kxg3 Ne6 25. Rd1 Rad8 26. Rcd2 Nc7 27. c4 Rd6 28. cxd5 Rfd8 29. f4 Nd7 30. Na5 Nc5 31. Kf3 Rxd5 32. Rxd5 Rxd5 33. Rxd5 Nxd5 34. a3 b6 35. Nc6 a5 36. Bc4 Nf6 37. Ne5 Kf8 38. Nxf7 b5 39. Ba2 b4 40. axb4 axb4 41. Ne5 b3 42. Bb1 Nd5 43. Be4 Nc3 44. Bxh7 Nd1 45. Nc4 Na4 46. Be4 Naxb2 47. Nxb2 Nxb2 48. Bd5 Na4 49. Bxb3 Nc5 50. Bd5 Nd7 51. g4 Nf6 52. Bc4 Ke7 53. g5 Nd7 54. Ke4 Kf8 55. Kf5 Nc5 56. Bd5 Nd7 57. Ke6 Nc5+ 58. Kd6 Nd3 59. f5 Nf4 60. Be4 Nh3 61. g6 Ng5 62. Bg2 Kg8 63. Ke5 Kf8 64. Kf4 Nf7 65. gxf7 Kxf7 66. Kg5 Kf8 67. Kg6 Kg8 68. Bd5+ Kh8 69. Kf7 Kh7 70. Be4 Kh8 71. Bd3 1-0


[Site "https://www.chess.com"]

[Event "Titled Tuesday Blitz May 23 Early 2023"]
[White "Zacurdajev, Dmitry"]
[Black "Nikologorskiy, Konstantin"]
[WhiteFideId "4196309"]
[BlackFideId "24111708"]
[WhiteElo "2240"]
[BlackElo "2273"]
[Result "0-1"]
[Round "06"]
[TimeControl "180+2"]
[Date "2023.05.23"]
[WhiteClock "0:00:00"]
[BlackClock "0:00:07"]

1. d4 Nf6 2. c4 e6 3. Nc3 Bb4 4. Qc2 O-O 5. a3 Bxc3+ 6. Qxc3 d5 7. Nf3 c5 8. dxc5 Ne4 9. Qc2 Nxc5 10. b4 Ne4 11. e3 a5 12. b5 Nd7 13. Bb2 Ndc5 14. Be2 Bd7 15. O-O Rc8 16. cxd5 exd5 17. Rfd1 Be6 18. Nd4 Qf6 19. Bf3 Qg6 20. Rac1 Bg4 21. Bxg4 Qxg4 22. Qe2 Qg6 23. Nf3 Na4 24. Rxc8 Rxc8 25. Rc1 Rxc1+ 26. Bxc1 Nec3 27. Qf1 Qb1 28. Nd4 Nc5 29. Bd2 Nd1 30. Bxa5 Ne4 31. f3 Nd6 32. Bb4 Nc4 33. e4 Nce3 34. Qe1 dxe4 35. fxe4 Qxe4 36. Nf3 Qc2 37. Bd2 Qc5 38. Bxe3 Nxe3 39. Qf2 Qc1+ 40. Ne1 h5 41. Qe2 Nc2 42. Qe8+ Kh7 43. Qe4+ g6 44. Kf1 Ne3+ 45. Ke2 Nf5 46. Qxb7 Qb2+ 47. Kf3 Qc3+ 48. Ke2 Kg7 49. Kf2 Qe3+ 50. Kf1 Qd2 51. Qf3 Ne3+ 52. Kg1 Qxe1+ 0-1


[Site "https://www.chess.com"]

[Event "Titled Tuesday Blitz May 23 Early 2023"]
[White "Kielinkei"]
[Black "Shuvalov, Evgenij"]
[BlackFideId "4187237"]
[WhiteElo "2445"]
[BlackElo "2080"]
[Result "0-1"]
[Round "06"]
[TimeControl "180+2"]
[Date "2023.05.23"]
[WhiteClock "0:00:03"]
[BlackClock "0:00:36"]

1. e4 e6 2. Nf3 d5 3. e5 c5 4. b4 cxb4 5. a3 bxa3 6. d4 Bd7 7. c3 Nc6 8. Bd3 b5 9. Nxa3 a6 10. O-O h6 11. Be3 Nge7 12. Nd2 Nf5 13. Nc2 Be7 14. g4 Nxe3 15. fxe3 O-O 16. Qf3 Na5 17. e4 Nc4 18. Nb3 Bc6 19. Ne3 dxe4 20. Bxe4 Bxe4 21. Qxe4 Nxe3 22. Qxe3 Qd5 23. Nd2 Bg5 24. Qd3 Bxd2 25. Qxd2 a5 26. Rfb1 a4 27. Qd3 Rab8 28. Rb4 Rfc8 29. Rab1 Qc6 30. Kf2 Qxc3 31. Qxc3 Rxc3 32. Rxb5 Rxb5 33. Rxb5 a3 34. d5 exd5 35. Rxd5 a2 36. Ra5 Rc2+ 37. Kg3 Kf8 38. Ra7 Ke8 39. h4 Kd8 40. Kf4 Kc8 41. Ke4 Kb8 42. Ra4 Rc4+ 43. Rxc4 a1=Q 44. Rb4+ Kc7 45. Rd4 Qh1+ 46. Kf4 Qxh4 47. Ra4 Qf2+ 48. Ke4 Qc2+ 49. Kf4 Qxa4+ 50. Kf5 g6+ 51. Kf6 Qf4+ 52. Kg7 Kd7 53. Kh7 Ke6 54. Kg7 Kxe5 55. Kh7 Ke4 56. Kg7 Kf3 57. Kh7 Kxg4 58. Kg7 h5 59. Kh7 h4 0-1


[Site "https://www.chess.com"]

[Event "Titled Tuesday Blitz May 23 Early 2023"]
[White "Ibadov, Dashgyn"]
[Black "Vovk, Orest"]
[WhiteFideId "24107514"]
[BlackFideId "14113490"]
[WhiteElo "2208"]
[BlackElo "2215"]
[Result "1-0"]
[Round "06"]
[TimeControl "180+2"]
[Date "2023.05.23"]
[WhiteClock "0:01:02"]
[BlackClock "0:00:00"]

1. e4 g5 2. d4 g4 3. Nc3 Bg7 4. Be2 c5 5. dxc5 Bxc3+ 6. bxc3 h5 7. h3 Qa5 8. Qd4 Nf6 9. hxg4 Nc6 10. Qe3 Nxe4 11. Rxh5 Rf8 12. Nf3 Qxc3+ 13. Qxc3 Nxc3 14. Bd3 b6 15. Bh6 Rg8 16. Kd2 Na4 17. g5 Nxc5 18. Bh7 Rg6 19. Bxg6 fxg6 20. Rh4 d6 21. Bg7 Kf7 22. Rh7 Bf5 23. Bf6+ Ke6 24. Nd4+ Nxd4 25. Bxd4 Ne4+ 26. Ke3 Nxg5 27. Rg7 Kd7 28. Bf6 Ne4 29. Rxe7+ Kc6 30. Rxe4 Bxe4 31. Kxe4 Re8+ 32. Kd3 Rf8 33. Bd4 Rf5 34. Rh1 Ra5 35. Rh6 Rxa2 36. Rxg6 Kd7 37. f3 b5 38. Rg7+ Kc6 39. Rxa7 1-0


[Site "https://www.chess.com"]

[Event "Titled Tuesday Blitz May 23 Early 2023"]
[White "Ginzburg, Yakov"]
[Black "Tarasova, Viktoriya"]
[WhiteFideId "4157176"]
[BlackFideId "4175840"]
[WhiteElo "2305"]
[BlackElo "2182"]
[Result "1-0"]
[Round "06"]
[TimeControl "180+2"]
[Date "2023.05.23"]
[WhiteClock "0:01:29"]
[BlackClock "0:00:19"]

1. d4 Nf6 2. c4 e6 3. g3 d5 4. Bg2 Bb4+ 5. Nd2 O-O 6. c5 b6 7. a3 Bxd2+ 8. Bxd2 Ne4 9. b4 c6 10. Nh3 Nxd2 11. Qxd2 a5 12. O-O axb4 13. axb4 Rxa1 14. Rxa1 Na6 15. e3 bxc5 16. bxc5 Nc7 17. Bf1 Bd7 18. Nf4 Qb8 19. Qc2 Qb7 20. Rb1 Qa8 21. Nd3 Rb8 22. Ne5 Be8 23. Rb6 f6 24. Qb3 Rc8 25. Nd3 Qa1 26. Rb8 Rxb8 27. Qxb8 Qa5 28. Qb6 Qxb6 29. cxb6 Na6 30. Nc5 Nb8 31. Na6 Nd7 32. b7 Kf7 33. b8=Q Nxb8 34. Nxb8 Ke7 35. Na6 Kd6 36. Nc5 1-0


[Site "https://www.chess.com"]

[Event "Titled Tuesday Blitz May 23 Early 2023"]
[White "Khamdamova, Afruza"]
[Black "Ferenc83"]
[WhiteFideId "14210444"]
[WhiteElo "2312"]
[BlackElo "2539"]
[Result "0-1"]
[Round "06"]
[TimeControl "180+2"]
[Date "2023.05.23"]
[WhiteClock "0:01:28"]
[BlackClock "0:02:10"]

1. e4 c6 2. d4 d5 3. Nc3 dxe4 4. Nxe4 Nf6 5. Qd3 Nxe4 6. Qe3 Qd5 7. c4 Qe6 8. Nf3 Nf6 9. Ne5 Nbd7 10. f4 g5 11. g3 gxf4 12. gxf4 Nxe5 13. dxe5 Ng4 14. Qf3 Qf5 15. Bd3 Nxe5 16. Bxf5 Nxf3+ 17. Kf2 Bxf5 18. Kxf3 O-O-O 19. Be3 e6 20. Rhd1 Bg7 21. Bxa7 Bxb2 22. Rxd8+ Rxd8 23. Rg1 Bf6 24. Be3 b5 25. cxb5 cxb5 26. Rc1+ Kb7 27. Rc5 Rd5 28. Rc1 Rd3 29. Ke2 Ra3 0-1


[Site "https://www.chess.com"]

[Event "Titled Tuesday Blitz May 23 Early 2023"]
[White "Kuzmin, Roman"]
[Black "Kirillov, Dmitry"]
[WhiteFideId "44134932"]
[BlackFideId "34180572"]
[WhiteElo "2122"]
[BlackElo "2161"]
[Result "0-1"]
[Round "06"]
[TimeControl "180+2"]
[Date "2023.05.23"]
[WhiteClock "0:01:56"]
[BlackClock "0:01:52"]

1. Nf3 d5 2. b3 c5 3. Bb2 Nc6 4. e3 Nf6 5. Be2 Bf5 6. O-O e6 7. Nh4 Bg6 8. d4 cxd4 9. exd4 Bd6 10. h3 Ne4 11. Nxg6 hxg6 12. Nd2 Rxh3 13. gxh3 Qg5+ 14. Bg4 Nxd2 15. Bc1 Qf4 0-1


[Site "https://www.chess.com"]

[Event "Titled Tuesday Blitz May 23 Early 2023"]
[White "Arat, Ufuk Sezen"]
[Black "Kopczynski, Michal"]
[WhiteFideId "6309089"]
[BlackFideId "1124200"]
[WhiteElo "2289"]
[BlackElo "2212"]
[Result "1-0"]
[Round "06"]
[TimeControl "180+2"]
[Date "2023.05.23"]
[WhiteClock "0:00:28"]
[BlackClock "0:00:00"]

1. e4 c5 2. Nf3 d6 3. d4 cxd4 4. Nxd4 Nf6 5. Nc3 g6 6. Be3 Bg7 7. f3 O-O 8. Bc4 Nc6 9. Bb3 Bd7 10. Qd2 Rc8 11. O-O-O Nxd4 12. Bxd4 b5 13. h4 a5 14. a3 b4 15. axb4 axb4 16. Na2 Qc7 17. Nxb4 Ra8 18. Qe3 Rfb8 19. Bc3 Be6 20. Bxe6 fxe6 21. h5 Qc4 22. hxg6 Rxb4 23. gxh7+ Kh8 24. Rd4 Qc7 25. Rxb4 Ra1+ 26. Kd2 Rxh1 27. Qb6 Qxb6 28. Rxb6 Rh2 29. Rb7 Rxg2+ 30. Kd3 Rg3 31. Rxe7 Nxh7 32. Re8+ Nf8 33. Rxf8+ Kh7 34. Rf7 Kh6 35. Bxg7+ Kg6 36. Re7 Rxf3+ 37. Ke2 Rh3 38. Bc3 Rh2+ 39. Kd3 Rh3+ 40. Kc4 Rh2 41. Rxe6+ Kf7 42. Rxd6 Rxc2 43. b4 Ke7 44. Ra6 Re2 45. Kd5 Re3 46. Bd4 Rd3 47. b5 Kd7 48. Ra7+ Kc8 49. b6 Kb8 50. Re7 Rd1 51. e5 Rc1 52. Rd7 Kc8 53. e6 Re1 54. b7+ Kb8 55. Be5+ Rxe5+ 56. Kxe5 Ka7 57. e7 1-0


[Site "https://www.chess.com"]

[Event "Titled Tuesday Blitz May 23 Early 2023"]
[White "Marcziter, Dmitrii"]
[Black "SereneSalmon"]
[WhiteFideId "13900765"]
[WhiteElo "2162"]
[BlackElo "2522"]
[Result "1-0"]
[Round "06"]
[TimeControl "180+2"]
[Date "2023.05.23"]
[WhiteClock "0:01:26"]
[BlackClock "0:00:43"]

1. d4 d5 2. c4 c6 3. Nf3 e6 4. Qc2 dxc4 5. Qxc4 Nf6 6. g3 Nbd7 7. Bg2 g6 8. O-O Bg7 9. Qc2 O-O 10. Rd1 Qe7 11. e4 e5 12. Nc3 exd4 13. Nxd4 Nc5 14. h3 Rd8 15. Be3 Ne6 16. Nde2 Bd7 17. Kh2 Be8 18. f4 b6 19. e5 Nd5 20. Nxd5 cxd5 21. Bxd5 Rac8 22. Qe4 Nc5 23. Qg2 h5 24. Rac1 Bb5 25. Nc3 Ba6 26. Ne4 Nxe4 27. Rxc8 Rxc8 28. Bxe4 Qb4 29. Bd4 Qa4 30. b3 Qa5 31. Qd2 Qb5 32. Bg2 Rd8 33. Bf1 Qa5 34. Qxa5 bxa5 35. Bxa6 Bf8 36. Be2 1-0


[Site "https://www.chess.com"]

[Event "Titled Tuesday Blitz May 23 Early 2023"]
[White "Reprintsev, Alexander"]
[Black "Real_taiatai"]
[WhiteFideId "14100541"]
[WhiteElo "2218"]
[BlackElo "2348"]
[Result "0-1"]
[Round "06"]
[TimeControl "180+2"]
[Date "2023.05.23"]
[WhiteClock "0:00:00"]
[BlackClock "0:00:10"]

1. e4 c6 2. Nc3 d5 3. Nf3 dxe4 4. Nxe4 Nf6 5. Qe2 Nxe4 6. Qxe4 Nd7 7. Bc4 Nf6 8. Ne5 e6 9. Qe2 Be7 10. O-O O-O 11. a4 Nd7 12. d4 Bd6 13. f4 c5 14. c3 Qc7 15. Bd3 cxd4 16. cxd4 Qb6 17. Be3 Nf6 18. Nc4 Qd8 19. Rac1 Nd5 20. Bd2 Be7 21. Ne5 Bf6 22. Qe4 g6 23. Rf3 Bg7 24. Be1 Qb6 25. Qe2 Qxd4+ 26. Bf2 Qxa4 27. Bb5 Nxf4 28. Qf1 Qe4 29. Re1 Qf5 30. Nd3 e5 31. Bc5 a6 32. Bxf8 Bxf8 33. Nxf4 exf4 34. Bd3 Qc5+ 35. Kh1 Bg4 36. Rxf4 Be6 37. b4 Qd6 38. Bc4 Re8 39. Bxe6 Rxe6 40. Rxe6 Qxe6 41. Rf3 Bd6 42. Qb1 Be5 43. g3 f5 44. Qd3 Qc6 45. Kg2 Kg7 46. h4 Bf6 47. Kh3 Qc7 48. Qe2 Qd7 49. Re3 f4+ 50. Re6 Kf7 51. g4 Qxe6 52. Qd1 Qe3+ 53. Kg2 f3+ 54. Kg3 Be5+ 55. Kh3 f2+ 56. Kg2 Qg3+ 57. Kf1 Qg1+ 0-1


[Site "https://www.chess.com"]

[Event "Titled Tuesday Blitz May 23 Early 2023"]
[White "Lehtosaari, Mauri"]
[Black "Theytookourjobs"]
[WhiteFideId "501999"]
[WhiteElo "2502"]
[BlackElo "2348"]
[Result "1-0"]
[Round "06"]
[TimeControl "180+2"]
[Date "2023.05.23"]
[WhiteClock "0:00:26"]
[BlackClock "0:00:01"]

1. d4 e6 2. Nf3 f5 3. Bf4 Nf6 4. e3 Bd6 5. c4 Bxf4 6. exf4 O-O 7. Nc3 Ne4 8. Bd3 Nxc3 9. bxc3 b6 10. Qe2 Bb7 11. h3 Nc6 12. Ne5 Qe7 13. O-O Rae8 14. Qe3 d6 15. Nxc6 Bxc6 16. Rfe1 Qf6 17. Be2 e5 18. fxe5 dxe5 19. d5 Bb7 20. Rad1 Qd6 21. Qd2 Rd8 22. f4 c6 23. fxe5 Qxe5 24. Bf3 Qc7 25. d6 Qc8 26. Re7 Rd7 27. Qg5 Rf7 28. Rde1 Rdxe7 29. Rxe7 Qf8 30. Rxf7 Qxf7 31. Qd8+ Qf8 32. Qc7 Qc8 33. Qe7 Qf8 34. Qxb7 Qxd6 35. Qc8+ Kf7 36. Qxf5+ Ke8 37. Qe4+ Kd8 38. Qd4 1-0


[Site "https://www.chess.com"]

[Event "Titled Tuesday Blitz May 23 Early 2023"]
[White "Doluhanova, Evgeniya"]
[Black "Devaev, Alexander"]
[WhiteFideId "14112035"]
[BlackFideId "4169395"]
[WhiteElo "2159"]
[BlackElo "2172"]
[Result "0-1"]
[Round "06"]
[TimeControl "180+2"]
[Date "2023.05.23"]
[WhiteClock "0:00:03"]
[BlackClock "0:00:52"]

1. Nf3 Nf6 2. g3 d5 3. Bg2 c5 4. O-O Nc6 5. d3 e5 6. Nbd2 h6 7. e4 d4 8. a4 Bg4 9. h3 Be6 10. b3 g5 11. Nc4 Nd7 12. Nfd2 Rg8 13. Qh5 Nf6 14. Qe2 h5 15. Ba3 h4 16. g4 Nd7 17. Nf3 f6 18. Nh2 Be7 19. Rae1 b6 20. Qd2 a6 21. Bb2 b5 22. axb5 axb5 23. Na3 Qb6 24. Ra1 Kf7 25. Nf3 Ra7 26. Rfb1 Rga8 27. Qc1 Nb4 28. Bf1 Nc6 29. Nd2 Nf8 30. f3 Ng6 31. Bg2 Ra5 32. Kf2 R8a6 33. Bf1 Kg7 34. Bg2 Nh8 35. Bf1 Nf7 36. Be2 Nd6 37. Bd1 Qa7 38. Be2 Ne8 39. Bd1 Nc7 40. Be2 Nd8 41. Bd1 Nb7 42. Be2 Bd6 43. Bd1 Na8 44. Be2 Nb6 45. Bd1 Bd7 46. Be2 Kf7 47. Bd1 c4 48. bxc4 Bxa3 49. Rxa3 Rxa3 50. Bxa3 Rxa3 51. cxb5 Nd6 52. Nc4 Nbxc4 53. dxc4 Nxc4 54. Be2 Nb6 55. Qb2 Qa5 56. Bd3 Be6 57. Ke2 Ra2 58. Qc1 Ke7 59. Qd1 Qa3 60. Qd2 Qc3 61. Qxc3 dxc3 62. Rb4 Kd6 63. Ke3 Kc5 64. Rb1 Rb2 65. Ra1 Ra2 66. Re1 Nc4+ 67. Bxc4 Bxc4 68. Rd1 Rxc2 0-1


[Site "https://www.chess.com"]

[Event "Titled Tuesday Blitz May 23 Early 2023"]
[White "Estremera Panos, Sergio"]
[Black "Fernandez Siles, Luis"]
[WhiteFideId "2200864"]
[BlackFideId "2209420"]
[WhiteElo "2253"]
[BlackElo "2195"]
[Result "1/2-1/2"]
[Round "06"]
[TimeControl "180+2"]
[Date "2023.05.23"]
[WhiteClock "0:00:19"]
[BlackClock "0:00:10"]

1. d4 Nf6 2. c4 g6 3. Nc3 Bg7 4. e4 d6 5. Be2 O-O 6. Nf3 c5 7. d5 e6 8. O-O exd5 9. cxd5 a6 10. a4 Bg4 11. Nd2 Bxe2 12. Qxe2 Nbd7 13. h3 Re8 14. Nc4 Nb6 15. Bf4 Nxc4 16. Qxc4 b5 17. axb5 axb5 18. Qxb5 Rb8 19. Qe2 Nxe4 20. Nxe4 f5 21. Qa6 Rb6 22. Bg5 Rxa6 23. Bxd8 Rxa1 24. Rxa1 fxe4 25. Bc7 Bxb2 26. Ra6 c4 27. Bxd6 c3 28. Rc6 Rd8 29. Bb4 Rxd5 30. Kh2 Rd3 31. Rc8+ Kf7 32. Rc7+ Ke6 33. g3 Kd5 34. Ba5 Kd4 35. Bb6+ Kd5 36. Ba5 Rd2 37. Rd7+ Kc4 38. Rxd2 cxd2 39. Bxd2 Kd3 40. Be3 Ke2 41. Kg2 Bc3 42. Ba7 Be1 43. Be3 h5 44. Ba7 Bd2 45. Bb6 e3 46. fxe3 Bxe3 47. Bc7 g5 48. Bd8 g4 49. hxg4 hxg4 50. Bc7 Bd2 51. Bb8 Be3 52. Bc7 Bd2 53. Bb8 Be3 54. Bc7 1/2-1/2


[Site "https://www.chess.com"]

[Event "Titled Tuesday Blitz May 23 Early 2023"]
[White "Weetik, Vjacheslav"]
[Black "Wimalasuriya, Kasun M."]
[WhiteFideId "4153472"]
[BlackFideId "9906789"]
[WhiteElo "2469"]
[BlackElo "2295"]
[Result "1-0"]
[Round "06"]
[TimeControl "180+2"]
[Date "2023.05.23"]
[WhiteClock "0:00:03"]
[BlackClock "0:00:23"]

1. d4 Nf6 2. c4 g6 3. Nc3 d5 4. cxd5 Nxd5 5. e4 Nxc3 6. bxc3 Bg7 7. Bg5 O-O 8. Nf3 c5 9. Rc1 Nc6 10. d5 Na5 11. Qd2 b6 12. h3 Qd6 13. Bd3 e6 14. c4 exd5 15. cxd5 Re8 16. O-O c4 17. Bb1 Ba6 18. Rfe1 Rac8 19. Bf4 Qd7 20. e5 Rc5 21. Be4 Bb7 22. Red1 Rd8 23. Be3 Rcc8 24. Qc2 Qe8 25. Bg5 Rd7 26. Bf4 Rc5 27. Be3 Rc8 28. Rd4 Rcd8 29. Rcd1 Bxe5 30. Nxe5 Qxe5 31. Bf3 Bxd5 32. Qa4 Bxf3 33. Rxd7 Rxd7 34. Rxd7 Bc6 35. Rd8+ Kg7 36. Qd1 Qe7 37. Qd4+ f6 38. Rd6 g5 39. Bxg5 Qe1+ 40. Kh2 Qe5+ 41. Qxe5 fxe5 42. Bd2 Be8 43. Bxa5 bxa5 44. Ra6 1-0


[Site "https://www.chess.com"]

[Event "Titled Tuesday Blitz May 23 Early 2023"]
[White "Bogaudinov, Rushan"]
[Black "Camilla_Lee"]
[WhiteFideId "4129288"]
[WhiteElo "1941"]
[BlackElo "2670"]
[Result "0-1"]
[Round "06"]
[TimeControl "180+2"]
[Date "2023.05.23"]
[WhiteClock "0:00:00"]
[BlackClock "0:02:08"]

1. e4 e5 2. Nc3 Nf6 3. g3 Nc6 4. Bg2 Bc5 5. d3 d6 6. Na4 Be6 7. Nf3 h6 8. O-O Qd7 9. Nxc5 dxc5 10. Be3 b6 11. Qd2 Bh3 12. Nh4 Bxg2 13. Kxg2 O-O-O 14. a4 Nxe4 15. Qe2 Nd6 0-1


[Site "https://www.chess.com"]

[Event "Titled Tuesday Blitz May 23 Early 2023"]
[White "Sargissyan, Sargis"]
[Black "Hua, Lefong"]
[WhiteFideId "13303210"]
[BlackFideId "2602253"]
[WhiteElo "2109"]
[BlackElo "2626"]
[Result "1/2-1/2"]
[Round "06"]
[TimeControl "180+2"]
[Date "2023.05.23"]
[WhiteClock "0:00:05"]
[BlackClock "0:00:16"]

1. e4 c5 2. Nf3 g6 3. d4 cxd4 4. Qxd4 Nf6 5. Bb5 a6 6. e5 axb5 7. exf6 Nc6 8. Qd3 d5 9. O-O e6 10. Qxb5 Qxf6 11. Bg5 Qf5 12. Nd4 Qxg5 13. Nxc6 Bd7 14. Qxb7 Rc8 15. Na7 Rxc2 16. Na3 Bxa3 17. bxa3 Qd8 18. Rfc1 Rxc1+ 19. Rxc1 O-O 20. Rc7 Be8 21. Rc8 Qd7 22. Qb8 d4 23. Rd8 Qa4 24. h3 Qxa3 25. Nc8 Ba4 26. Rxf8+ Qxf8 27. Ne7+ Kg7 28. Qe5+ f6 29. Qxd4 Qxe7 30. Qxa4 h5 31. Qb5 Qc7 32. g3 h4 33. gxh4 Qc1+ 34. Kg2 e5 35. a4 Qf4 36. a5 e4 37. Qb7+ Kh6 38. Qb6 Qf3+ 39. Kg1 Qd1+ 40. Kg2 Qf3+ 41. Kg1 Qd1+ 42. Kh2 f5 43. Qe3+ Kh7 44. a6 Qd6+ 45. Kg2 Qxa6 46. Qg5 Qb7 47. Kh2 Qc7+ 48. Kg2 Qf7 49. Kg3 Qc7+ 50. Kg2 Qg7 51. Kg3 Qf7 52. Kg2 f4 53. Qg4 Qf5 54. Qg5 Kg7 55. Kf1 Qxg5 56. hxg5 Kf7 57. h4 Ke6 58. f3 exf3 59. Kf2 Ke5 60. Kxf3 Kf5 61. h5 gxh5 62. g6 Kxg6 63. Kxf4 h4 64. Kg4 h3 65. Kxh3 1/2-1/2


[Site "https://www.chess.com"]

[Event "Titled Tuesday Blitz May 23 Early 2023"]
[White "Gatterer, Florian"]
[Black "koncheto"]
[WhiteFideId "811688"]
[WhiteElo "2221"]
[BlackElo "2606"]
[Result "0-1"]
[Round "06"]
[TimeControl "180+2"]
[Date "2023.05.23"]
[WhiteClock "0:00:00"]
[BlackClock "0:00:19"]

1. b3 d5 2. Bb2 Nf6 3. Nf3 Bf5 4. d3 e6 5. Nh4 Bg6 6. Nxg6 hxg6 7. g3 c5 8. Bg2 Nc6 9. Nd2 Be7 10. e4 Rc8 11. a3 b6 12. O-O O-O 13. e5 Nd7 14. Qe2 Nd4 15. Bxd4 cxd4 16. Nf3 Qc7 17. Nxd4 Qxe5 18. Qxe5 Nxe5 19. a4 Bf6 20. Nb5 a6 21. Na3 Nxd3 22. cxd3 Bxa1 23. Rxa1 Rc3 24. Bf1 Rxb3 25. d4 Ra8 26. Nc2 Kf8 27. Ne3 Rc8 28. Bxa6 Ra8 29. Bf1 Rb4 30. Rc1 Rbxa4 31. Rc7 R8a7 32. Rc8+ Ke7 33. Rc6 Rb7 34. Bb5 Rxd4 35. Ba6 Rb8 36. Rc7+ Kf8 37. Ng4 Rxg4 38. f4 b5 39. Kg2 b4 40. Kf3 b3 0-1


[Site "https://www.chess.com"]

[Event "Titled Tuesday Blitz May 23 Early 2023"]
[White "Iskusnyh, Sergei"]
[Black "Golubev, Mikhail"]
[WhiteFideId "4120027"]
[BlackFideId "14100983"]
[WhiteElo "2492"]
[BlackElo "2374"]
[Result "0-1"]
[Round "06"]
[TimeControl "180+2"]
[Date "2023.05.23"]
[WhiteClock "0:00:26"]
[BlackClock "0:00:18"]

1. d4 Nf6 2. c4 g6 3. g3 Bg7 4. Bg2 O-O 5. Nc3 d6 6. Nf3 Nbd7 7. O-O e5 8. e4 Re8 9. h3 b6 10. Be3 Bb7 11. Qc2 Nxe4 12. Nxe4 Bxe4 13. Qxe4 exd4 14. Nxd4 Rxe4 15. Bxe4 Rc8 16. Nc6 Qf8 17. Nxa7 Re8 18. Bc6 Re7 19. Bg5 Bf6 20. Bxf6 Nxf6 21. Rae1 Rxe1 22. Rxe1 Qh6 23. b3 Qxh3 24. Nb5 Kg7 25. Nxc7 Qc8 26. Re7 Kf8 27. Bb7 Qxb7 28. Ne6+ Kxe7 0-1


[Site "https://www.chess.com"]

[Event "Titled Tuesday Blitz May 23 Early 2023"]
[White "Ambartsumova, Karina"]
[Black "Petrova, Irina"]
[WhiteFideId "4166299"]
[BlackFideId "14124122"]
[WhiteElo "2240"]
[BlackElo "2084"]
[Result "1-0"]
[Round "06"]
[TimeControl "180+2"]
[Date "2023.05.23"]
[WhiteClock "0:00:10"]
[BlackClock "0:00:18"]

1. Nf3 d6 2. d4 g6 3. g3 Bg7 4. Bg2 Nf6 5. O-O O-O 6. b3 c5 7. Bb2 Nc6 8. d5 Nb8 9. c4 a6 10. Nc3 b5 11. cxb5 axb5 12. Nxb5 Ba6 13. Nc3 Nbd7 14. Re1 Qa5 15. e4 Ng4 16. Qc2 Rfb8 17. Na4 Nge5 18. Rad1 c4 19. Nxe5 Nxe5 20. Bxe5 Bxe5 21. f4 cxb3 22. axb3 Bg7 23. e5 Bb5 24. Ra1 Bxa4 25. bxa4 Rb4 26. Qc6 Rxa4 27. Rab1 Ra2 28. exd6 Qd2 29. Qxa8+ Rxa8 30. dxe7 Re8 31. Rbd1 Qa5 32. d6 Qa7+ 33. Kh1 Qd7 34. h4 Bf6 35. Kh2 Kg7 36. Bh3 Qa4 37. d7 Bxe7 38. dxe8=Q Qxe8 39. Re2 Kf8 40. Rde1 f5 41. Rxe7 Qxe7 42. Rxe7 Kxe7 43. Bg2 Kf6 44. Bf3 h6 45. Kg2 g5 46. Kf2 gxf4 47. gxf4 Kg6 48. Ke3 Kf6 49. Kd4 Ke6 50. Bd5+ Kd6 51. h5 1-0


[Site "https://www.chess.com"]

[Event "Titled Tuesday Blitz May 23 Early 2023"]
[White "Jakubowska, Anna"]
[Black "Kiremitciyan, Ari"]
[WhiteFideId "1121952"]
[BlackFideId "6373445"]
[WhiteElo "2001"]
[BlackElo "2181"]
[Result "0-1"]
[Round "06"]
[TimeControl "180+2"]
[Date "2023.05.23"]
[WhiteClock "0:00:45"]
[BlackClock "0:01:54"]

1. e4 e5 2. Nf3 Nc6 3. Bb5 g6 4. O-O Bg7 5. c3 d6 6. h3 Ne7 7. d4 Bd7 8. Re1 O-O 9. Ba4 Qe8 10. Bc2 h6 11. Be3 b6 12. Qd2 Kh7 13. d5 Nd8 14. c4 f5 15. exf5 gxf5 16. Nc3 Qh5 17. b4 Kh8 18. Qd1 a5 19. a3 axb4 20. axb4 Rxa1 21. Qxa1 f4 22. Bd2 Bxh3 23. gxh3 Qxf3 24. Qa7 Qxh3 25. Qxc7 Rg8 0-1


[Site "https://www.chess.com"]

[Event "Titled Tuesday Blitz May 23 Early 2023"]
[White "Vargas, Gabriela"]
[Black "Guz, Ari"]
[WhiteFideId "3700860"]
[BlackFideId "2825759"]
[WhiteElo "2057"]
[BlackElo "2205"]
[Result "0-1"]
[Round "06"]
[TimeControl "180+2"]
[Date "2023.05.23"]
[WhiteClock "0:00:56"]
[BlackClock "0:00:16"]

1. d4 Nf6 2. Nf3 e6 3. Bg5 a6 4. Nbd2 Be7 5. c3 b5 6. e4 Bb7 7. Bd3 d6 8. Qe2 c5 9. O-O Nbd7 10. Rfe1 h6 11. Bh4 Nh5 12. Bg3 Nxg3 13. hxg3 O-O 14. a4 b4 15. Nc4 Rc8 16. Rac1 Nb6 17. Nxb6 Qxb6 18. Bb1 cxd4 19. cxd4 d5 20. e5 a5 21. Qd3 g6 22. Qe3 Kg7 23. Nh4 Rxc1 24. Rxc1 Rc8 25. Rxc8 Bxc8 26. Qc1 Bd7 27. Nf3 Bxa4 28. Qc8 Qc6 29. Qxc6 Bxc6 30. Bd3 a4 31. Nd2 a3 32. bxa3 bxa3 33. Bb1 Bb4 34. Nb3 Bc3 35. Ba2 Ba4 36. f4 g5 37. Kf1 Bxb3 38. Bxb3 Bxd4 39. Ke2 Kg6 40. Kf3 h5 41. Ba2 h4 42. Bb1+ Kh6 43. g4 gxf4 44. Kxf4 Kg7 45. g5 Bf2 46. Kg4 Bg3 47. Ba2 Bxe5 48. Kxh4 Bb2 49. Kg4 Kf8 50. Kf3 Ke7 51. g4 Bc1 52. g6 fxg6 53. Ke2 Kd6 54. Kd3 Bb2 55. Kc2 e5 56. Kb3 Kc5 57. Bb1 e4 58. Ka2 Kd4 59. Bc2 Ke3 60. Kb1 d4 61. Bb3 d3 62. Bf7 Kd2 63. Bxg6 e3 64. Ka2 e2 65. g5 e1=Q 66. Bxd3 Qe6+ 67. Kb1 Qb3 68. Bc4 a2# 0-1


[Site "https://www.chess.com"]

[Event "Titled Tuesday Blitz May 23 Early 2023"]
[White "Mogirzan, Matei-Valeriu"]
[Black "Kim, Sergey"]
[WhiteFideId "1257455"]
[BlackFideId "13700570"]
[WhiteElo "1733"]
[BlackElo "2566"]
[Result "0-1"]
[Round "06"]
[TimeControl "180+2"]
[Date "2023.05.23"]
[WhiteClock "0:00:03"]
[BlackClock "0:00:04"]

1. e4 e5 2. f4 Bc5 3. Nf3 d6 4. c3 Nc6 5. d4 exd4 6. cxd4 Bb6 7. Nc3 Nf6 8. Bd3 O-O 9. e5 Ng4 10. h3 Nh6 11. d5 Nb4 12. Bb1 Nf5 13. g4 Nh4 14. a3 Na6 15. Qc2 Nxf3+ 16. Kf1 g6 17. Ne4 dxe5 18. f5 Nd4 19. Qd2 Qh4 20. Qg2 f6 21. d6 c6 22. Be3 Nc5 23. Bf2 Qh6 24. h4 Nxe4 25. Bxe4 Qd2 26. g5 Bxf5 27. Bxf5 Qe2+ 28. Kg1 Nf3+ 29. Qxf3 Qxf3 30. Be6+ Kg7 31. Bxb6 axb6 32. Rh3 Qf4 33. Rf1 Qd4+ 34. Kh1 fxg5 35. Rg1 g4 36. Rhg3 Rf4 37. d7 Qd6 38. Bxg4 e4 39. h5 Rxg4 40. Rxg4 Qxd7 41. hxg6 h6 42. Rf4 Qd5 43. Rf7+ Kg8 44. Rh7 e3+ 45. Kh2 Qh5+ 46. Kg2 Qxg6+ 47. Kh2 Qxg1+ 48. Kxg1 Kxh7 0-1


[Site "https://www.chess.com"]